 Dungeon Crawl Stone Soup version 0.27-a0-1188-g73eefd5def (webtiles) character file.

Game seed: 2256141140356730848

1537 tilp the Summoner (level 8, -3/63 (64) HPs)
             Began as a Barachi Summoner on May 21, 2021.
             Was an Initiate of Okawaru.
             Killed from afar by a steam dragon (13 damage)
             ... with a ball of steam
             ... on level 7 of the Dungeon.
             The game lasted 00:16:39 (10065 turns).

tilp the Summoner (Barachi Summoner)               Turns: 10065, Time: 00:16:40

HP:   -3/63 (64)    AC:  5    Str: 11    XL:     8   Next: 86%
MP:   5/14          EV: 11    Int: 17    God:    Okawaru [......]
Gold: 407           SH:  0    Dex: 12    Spells: 9/15 levels left

rFire    . . .     SeeInvis .   a - +2 whip (drain)
rCold    . . .     Faith    .   (no shield)
rNeg     . . .     Spirit   .   f - +0 ring mail
rPois    .         Reflect  .   (no helmet)
rElec    .         Harm     .   k - scarf {+Inv}
rCorr    .         Rampage  .   (no gloves)
Will     .....                  (no boots)
Stlth    ++........             (no amulet)
HPRegen  0.20/turn              (no ring)
MPRegen  0.14/turn              (no ring)

@: unable to hop, studying Staves, lightly drained, slow
A: amphibious, slowness 1, strong legs 1, +LOS
a: Hop, Renounce Religion, Evoke Invisibility


You were on level 7 of the Dungeon.
You worshipped Okawaru.
Okawaru was noncommittal.
You visited 2 branches of the dungeon, and saw 8 of its levels.

You collected 407 gold pieces.

Inventory:

Hand Weapons
 a - a +2 whip of draining (weapon)
 b - a +1 spear
 j - a +0 lajatang
 r - a +4 dire flail
 s - a +3 war axe
Missiles
 c - 4 boomerangs
 p - 45 poisoned darts (quivered)
Armour
 f - a +0 ring mail (worn)
 k - a scarf of invisibility (worn)
Wands
 i - a wand of charming (5)
Scrolls
 d - 2 scrolls of vulnerability
 h - 2 scrolls of teleportation
 o - a scroll of silence
 q - a scroll of blinking
Potions
 g - 2 potions of might
 l - a potion of berserk rage {unknown}
 m - 3 potions of lignification
 n - 2 potions of curing
 t - a potion of cancellation {unknown}


   Skills:
 - Level 6.0 Fighting
 - Level 4.0 Dodging
 - Level 4.0 Stealth
 - Level 4.0 Spellcasting
 - Level 8.0 Summonings
 + Level 2.8 Invocations
 - Level 4.0 Evocations


You had 9 spell levels left.
You knew the following spells:

 Your Spells              Type           Power      Damage    Failure   Level
a - Summon Small Mammal   Summ           100%       N/A       1%          1
b - Call Imp              Summ           30%        N/A       2%          2
c - Call Canine Familiar  Summ           30%        N/A       4%          3

Your spell library contained the following spells:

 Spells                   Type           Power      Damage    Failure   Level
 Summon Guardian Golem    Hex/Summ       17%        N/A       22%         3
 Animate Skeleton         Necr           6%         N/A       36%         1
 Corona                   Hex            3%         N/A       36%         1
 Foxfire                  Conj/Fire      12%        2x1d4     36%         1
 Pain                     Necr           12%        1d4       36%         1
 Ensorcelled Hibernation  Hex/Ice        6%         N/A       50%         2
 Slow                     Hex            3%         N/A       50%         2
 Summon Ice Beast         Ice/Summ       17%        N/A       58%         4
 Summon Lightning Spire   Summ/Air       17%        N/A       58%         4
 Confusing Touch          Hex            3%         N/A       75%         3
 Conjure Flame            Conj/Fire      3%         6-21      75%         3
 Dazzling Flash           Conj/Hex       6%         N/A       75%         3
 Inner Flame              Hex/Fire       3%         N/A       75%         3
 Portal Projectile        Hex/Tloc       6%         N/A       75%         3
 Tukima's Dance           Hex            3%         N/A       75%         3
 Vampiric Draining        Necr           1%         2d6       75%         3
 Animate Dead             Necr           1%         N/A       98%         4
 Cause Fear               Hex            1%         N/A       98%         4
 Leda's Liquefaction      Hex/Erth       1%         N/A       98%         4
 Sticky Flame             Conj/Fire      3%         2d3       98%         4
 Agony                    Necr           3%         N/A       100%        5
 Fireball                 Conj/Fire      1%         3d3       100%        5


Dungeon Overview and Level Annotations

Branches:
Dungeon (7/15)             Temple (1/1) D:6

Altars:
Ashenzari
Cheibriados
Dithmenos
Elyvilon
Fedhas
Gozag
Hepliaklqana
Kikubaaqudgha
Makhleb
Nemelex Xobeh
Okawaru
Qazlal
Ru
Sif Muna
Trog
Vehumet
Wu Jian
Xom
Yredelemnul
Zin
The Shining One
Beogh


Innate Abilities, Weirdness & Mutations

You are amphibious.
You cover ground slowly.
You can hop short distances.
You have an extended range of vision and can be seen from far away.


Message History

The steam dragon barely misses you.
Unknown command.
You hit the steam dragon.
The steam dragon is severely wounded.
Your hound completely misses the steam dragon.
The steam dragon breathes steam at you. The ball of steam hits you!
* * * LOW HITPOINT WARNING * * *
You hear a shout!
Hop to where?
Press: ? - help, Dir - move target Boing!
Your hound bites the steam dragon. x2
The steam dragon closely misses your hound.
The steam dragon barely misses your hound.
Unknown command.
Casting: Call Canine Familiar (dangerous; 4% risk of failure)
Confirm with . or Enter, or press ? or * to list all spells.
A beastly little devil appears in a puff of flame.
Your hound barely misses the steam dragon.
The steam dragon bites your hound. The steam dragon claws your hound.
Your hound bites the steam dragon but does no damage. x2
The steam dragon breathes steam at your hound.
The ball of steam hits your hound!
Your hound dies!
Your hound's corpse disappears in a puff of smoke!
You swap places.
Casting: Call Imp (safe; 2% risk of failure)
Confirm with . or Enter, or press ? or * to list all spells.
The steam dragon breathes steam at your crimson imp.
The ball of steam misses your crimson imp.
The ball of steam misses you. The ball of steam hits your hound!
Your hound dies!
Your hound's corpse disappears in a puff of smoke!
Casting: Call Canine Familiar (dangerous; 4% risk of failure)
Confirm with . or Enter, or press ? or * to list all spells.
The steam dragon breathes steam at your crimson imp.
The ball of steam hits your hound!
The ball of steam misses your crimson imp.
The ball of steam hits you!
You die...

# #.
#.##########
.........
...#... #...##
########...##.#
#§@5hD§D>§....#
#.######...####
#.# ##.## #.#
#.# #.# #.#
#.## #.# #..#
#.. ##.# ##.
#.# .


You could see a friendly hound (summoned) and a friendly crimson imp (summoned).

Vanquished Creatures
  An orc warrior (D:6)
  2 black bears
  An ogre (D:6)
  2 phantoms (D:4)
  2 kobold brigands
  2 gnoll sergeants
  2 scorpions (D:6)
  A water moccasin skeleton (D:4)
  2 wights (D:6)
  A hound (D:6)
  2 orc priests (D:4)
  A jelly (D:5)
  6 adders
  A gnoll (D:4)
  A shadow imp (D:6)
  A white imp (D:4)
  An ufetubus (D:6)
  3 worms
  A dart slug (D:2)
  3 orcs
  2 bats
  8 endoplasms
  2 giant cockroaches (D:2)
  10 goblins
  7 hobgoblins
  6 jackals
  4 kobolds
  A quokka (D:2)
  11 ball pythons
  A frilled lizard (D:2)
  3 rats
91 creatures vanquished.

Vanquished Creatures (collateral kills)
  An ogre (D:6)
  A centaur (D:6)
  A phantom (D:6)
  A wyvern zombie (D:7)
  A wyvern skeleton (D:6)
  A jelly (D:6)
  3 wights (D:6)
  A bullfrog zombie (D:5)
  2 hounds (D:5)
  A bullfrog skeleton (D:6)
  An orc wizard (D:4)
  3 gnolls (D:4)
  3 adders (D:3)
  An ufetubus (D:6)
  2 dart slugs (D:1)
  4 orcs
  3 endoplasms
  A giant cockroach (D:3)
  A hobgoblin (D:1)
  A quokka (D:1)
  3 ball pythons
  3 bats
  3 goblins
  6 kobolds
  A rat (D:3)
49 creatures vanquished.

Grand Total: 140 creatures vanquished

Notes
Turn   | Place    | Note
-------+----------+-------------------------------------------
     0 | D:1      | tilp the Barachi Summoner began the quest for the Orb.
     0 | D:1      | Reached XP level 1. HP: 13/13 MP: 3/3
   199 | D:1      | Reached skill level 1 in Fighting
   442 | D:1      | Reached XP level 2. HP: 19/22 MP: 1/5
   551 | D:1      | Learned a level 2 spell: Call Imp
  1078 | D:2      | Found a radiant altar of Vehumet.
  1209 | D:2      | Reached XP level 3. HP: 26/29 MP: 6/6
  1268 | D:2      | Learned a level 3 spell: Call Canine Familiar
  1348 | D:2      | Reached skill level 5 in Summonings
  1609 | D:2      | Reached XP level 4. HP: 35/35 MP: 1/8
  2457 | D:3      | Reached skill level 6 in Summonings
  2632 | D:3      | Reached XP level 5. HP: 39/41 MP: 9/9
  3873 | D:4      | Noticed a phantom
  3996 | D:4      | Killed a phantom
  4155 | D:4      | Reached XP level 6. HP: 42/47 MP: 2/10
  4965 | D:4      | Noticed a black bear
  5021 | D:4      | Killed a black bear
  5176 | D:4      | Reached XP level 7. HP: 52/54 MP: 11/11
  5865 | D:5      | Entered Level 5 of the Dungeon
  6578 | D:6      | Reached skill level 7 in Summonings
  7080 | D:6      | Reached skill level 8 in Summonings
  7080 | D:6      | Reached XP level 8. HP: 46/60 MP: 1/14
  7460 | D:6      | Reached skill level 5 in Fighting
  7655 | D:6      | Reached skill level 1 in Evocations
  8595 | D:6      | Found a staircase to the Ecumenical Temple.
  8667 | Temple   | Entered the Ecumenical Temple
  8998 | Temple   | Became a worshipper of Warmaster Okawaru
  9088 | D:6      | Reached skill level 1 in Invocations
 10065 | D:7      | Killed from afar by a steam dragon

Illustrated notes

Levels and vault maps discovered:
D:1:      nicolae_arrival_memento_mori, layout_basic
D:2:      minmay_inner_zag, layout_loops_ring, basic_altar
D:3:      kennysheep_six_static_rooms, layout_basic
D:4:      layout_loops_corners, kennysheep_orc_chapel
D:5:      layout_rooms
D:6:      layout_basic, temple_doors_ab, grunt_decor_resistance,
          chequers_serial_rivers_small_b, kennysheep_generic_room_5
D:7:      nzn_winding_woodlands_medium [nzn_winding_woodlands_5x5_three,
          nzn_winding_woodlands_5x15_sidewinder,
          nzn_winding_woodlands_5x5_cross, nzn_winding_woodlands_5x5_perimeter,
          nzn_winding_woodlands_center_lodge, nzn_winding_woodlands_5x5_default,
          nzn_winding_woodlands_hourglass,
          nzn_winding_woodlands_5x15_split_checker,
          nzn_winding_woodlands_5x5_checkerboard], layout_loops_ring,
          minmay_misc_feat_four_crosses, fountainhead, uniq_duvessa
Temple:   roderic_octagonal_lattice_temple

Skill      XL: |  1  2  3  4  5  6  7  8 |
---------------+-------------------------+-----
Fighting       | 2 3 4 6 |  6.0
Summonings     | 5 6 8 |  8.0
Spellcasting   | 3 4 |  4.0
Stealth        | 3 4 |  4.0
Dodging        | 4 |  4.0
Evocations     | 4 |  4.0
Invocations    | 2 |  2.8

Action                   |  1- 3 |  4- 6 |  7- 9 || total
-------------------------+-------+-------+-------++-------
Melee: Unarmed           |     2 |       |       ||     2
       Club              |     6 |       |       ||     6
       Whip              |    75 |   166 |   170 ||   411
Throw: Dart              |       |       |    16 ||    16
 Cast: Summon Small Mamm |    23 |     3 |       ||    26
       Call Imp          |     7 |    18 |    26 ||    51
       Call Canine Famil |       |    11 |    32 ||    43
 Abil: Hop               |       |     1 |     2 ||     3
  Use: Scroll            |     2 |     8 |     5 ||    15
       Potion            |       |     2 |       ||     2
 Stab: Sleeping          |     1 |     1 |     2 ||     4
       Distracted        |       |     1 |     2 ||     3
Armor: Ring mail         |    22 |    62 |    41 ||   125
Dodge: Dodged            |    56 |   100 |   124 ||   280

Table legend: (Time is in decaauts)
 A = Elapsed time spent in this place.
 B = Non-inter-level travel time spent in this place.
 C = Inter-level travel time spent in this place.
 D = Time resting spent in this place.
 E = Time spent auto-exploring this place.
 F = Levels seen in this place.
 G = Mean time per level.
                   A        B        C        D        E       F      G
               +--------+--------+--------+--------+--------+-----+--------+
         Total |  11062 |  10606 |    456 |   2644 |   6272 |   8 | 1382.8 |
       Dungeon |  10645 |  10239 |    406 |   2644 |   5907 |   7 | 1520.7 |
        Temple |    416 |    366 |     50 |      0 |    364 |   1 |  416.0 |
               +--------+--------+--------+--------+--------+-----+--------+

Top non-repeatable levels by time:
     D:6: 2907 daAuts
     D:4: 2406 daAuts
     D:3: 1644 daAuts
     D:2: 1347 daAuts
     D:1: 1116 daAuts
     D:5: 896 daAuts
  Temple: 416 daAuts
     D:7: 327 daAuts
